 Dungeon Crawl Stone Soup version 0.14.0-12-g87ee3b7 (webtiles) character file.

184 RogerD the Sneak (level 4, -5/42 HPs)
             Began as a Troll Assassin on Apr 16, 2014.
             Slain by an orc wizard
             ... wielding a +0,+0 quarterstaff
              (7 damage)
             ... on Level 3 of the Dungeon.
             The game lasted 00:15:18 (1630 turns).

RogerD the Sneak (Troll Assassin)                   Turns: 1630, Time: 00:15:18

HP  -5/42        AC  6     Str 19      XL: 4   Next: 44%
MP   2/2         EV 10     Int 12      God:
Gold 86          SH  0     Dex 12      Spells:  0 memorised,  3 levels left

rFire  . . .     SeeInvis .     a - +2 club
rCold  . . .     Clarity  .     c - +0 robe
rNeg   . . .     Conserve .     (shield restricted)
rPois  .         rCorr    .     (helmet restricted)
rElec  .         rRot     .     d - +0 cloak
SustAb + .       Spirit   .     (gloves unavailable)
rMut   .         Warding  .     (boots unavailable)
Gourm  +         Stasis   .     (no amulet)
MR     .....                    (no ring)
                                p - ring of sustain abilities {unknown}

@: brilliant, not resistant to hostile enchantments, fairly stealthy
A: unfitting armour, claws 3, fast metabolism 3, gourmand, regeneration 2,
saprovore 2, shaggy fur 1, tough skin 2
a: no special abilities


You were on level 3 of the Dungeon.
You were full.

You visited 1 branch of the dungeon, and saw 3 of its levels.

You collected 86 gold pieces.

Inventory:

Hand weapons
 a - a +2,+2 club (weapon)
 b - a +0 blowgun
 w - a +2,+0 dagger of electrocution
Missiles
 e - 8 poisoned needles
 f - 2 curare-tipped needles
 o - 2 darts of frost (quivered)
Armour
 c - a +0 robe (worn)
 d - a +0 cloak (worn)
 n - a +0 robe
Magical devices
 t - a wand of polymorph (18) {unknown}
Comestibles
 g - 2 meat rations
 v - 3 bread rations
 z - a choko
Scrolls
 h - 2 scrolls of enchant weapon II {unknown}
 i - a scroll of random uselessness {unknown}
 j - a scroll of immolation {unknown}
 k - a scroll of fear {unknown}
 m - 2 scrolls of amnesia {unknown}
 s - 2 scrolls of identify {unknown}
 y - a scroll of teleportation {unknown}
Jewellery
 p - a ring of sustain abilities (left claw) {unknown}
Potions
 l - a potion of heal wounds {unknown}
 q - a potion of restore abilities {unknown}
 u - a potion of curing {unknown}
 x - a potion of cure mutation {unknown}
 A - a potion of agility {unknown}


   Skills:
 + Level 1.9 Fighting
 + Level 2.0 Maces & Flails
 + Level 1.9 Throwing
 + Level 2.1 Dodging
 + Level 3.1 Stealth


You had 3 spell levels left.
You didn't know any spells.

Dungeon Overview and Level Annotations

Branches:
Dungeon (3/15)

Altars:


Innate Abilities, Weirdness & Mutations

You are too large for most types of armour.
You have claws for hands.
Your metabolism is lightning-fast.
You like to eat raw meat.
You heal very quickly.
You can eat rotten meat.
You are covered in fur (AC +1).
You have very tough skin (AC +2).


Message History

* * * LOW HITPOINT WARNING * * *
The orc closely misses you. Something hits you.
* * * LOW HITPOINT WARNING * * *
The jackal barely misses you.
You closely miss the orc.
The orc is heavily wounded.
The orc misses you. Something hits you.
* * * LOW HITPOINT WARNING * * *
The jackal bites you but does no damage.
You closely miss the orc.
The orc is heavily wounded.
The jackal bites you.
* * * LOW HITPOINT WARNING * * *
The orc hits you with a mace.
* * * LOW HITPOINT WARNING * * *
You hear some strange, mumbled words.
Something tries to affect you, but you resist.
The jackal bites you but does no damage.
Something hits you!
You die...

. #.# #.#.#....#.# #.#
#.#.#....#.# ##+ #.#
#.#......#.# ... #.#
##.####...#.##... # #.#
.................. #. #.#
###.###.#......#+ #.. #.#
#.#.#.#........ .#...
#.########.#.#.######.#.
o..o...#....oh@o....#.######.#
#.#o.......##)..#..........#
..o...............###.....####.
##.#)....?.....%...>..........
#......#...##.#####........
#....#.......)# .......
#..<...#.###..# .......
#..#####....>.... ######. #..
......#..#+


You could see 2 orcs and a jackal.

Vanquished Creatures
  3 adders (D:2)
  2 worms (D:2)
  A giant gecko (D:1)
  An ooze (D:3)
  2 orcs (D:3)
  A ball python (D:3)
  6 bats
  3 giant cockroaches
  12 goblins
  4 hobgoblins
  7 jackals
  3 kobolds
  A quokka (D:1)
  3 giant newts
  4 rats
53 creatures vanquished.

Notes
Turn   | Place    | Note
--------------------------------------------------------------
     0 | D:1      | RogerD, the Troll Assassin, began the quest for the Orb.
     0 | D:1      | Reached XP level 1. HP: 19/19 MP: 1/1
   253 | D:1      | Reached skill level 1 in Dodging
   253 | D:1      | Reached XP level 2. HP: 21/27 MP: 1/1
   562 | D:1      | Reached skill level 3 in Stealth
   662 | D:1      | Reached XP level 3. HP: 33/33 MP: 2/2
  1075 | D:2      | Reached XP level 4. HP: 19/42 MP: 2/2
  1630 | D:3      | HP: 2/42 [orc/mace (3)]
  1630 | D:3      | Slain by an orc wizard

Action                   |  1- 3 |  4- 6 || total
-------------------------+-------+-------++-------
Melee: Club              |   123 |    77 ||   200
  Use: Potion            |       |     1 ||     1
 Stab: Distracted        |     1 |       ||     1
       Sleeping          |     1 |       ||     1
